 Dungeon Crawl Stone Soup version 0.28-a0-773-g130ae17fe5 (webtiles) character file.

Game seed: 12533385693285835133

154339 ytrimaz the Wrestler (level 17, 0/133 HPs)
             Began as a Demonspawn Gladiator on Nov 1, 2021.
             Was a High Priest of Okawaru.
             Slain by a naga warrior (26 damage)
             ... on level 2 of the Snake Pit.
             The game lasted 01:09:36 (39769 turns).

ytrimaz the Wrestler (Demonspawn Gladiator)        Turns: 39769, Time: 01:09:37

Health: 0/133      AC: 27    Str: 20    XL:     17   Next: 6%
Magic:  27/27      EV:  5    Int: 20    God:    Okawaru [*****.]
Gold:   3008       SH: 10    Dex: 16    Spells: 16/16 levels left

rFire   + + .      SeeInvis .     - Unarmed
rCold   + + +      Faith    .   n - +0 buckler
rNeg    . . .      Spirit   .   K - +3 plate armour {rPois}
rPois   +          Reflect  +   Z - +2 helmet of the Eleven Beds {Fly rC+ Regen+ Int+2}
rElec   .          Harm     .   X - scarf {rC+ rF+}
rCorr   +          Rampage  +   (no gloves)
Will    ++...                   B - +1 pair of boots {rampage}
Stlth   ..........              I - amulet "Ublof" {Reflect rC+ Int+4 SH+5}
HPRegen 1.32/turn               r - +4 ring of slaying
MPRegen 0.20/turn               N - ring "Odeir" {rF+ rCorr Int+4}

@: flying, constricted
A: claws 2, molten scales 2, ignite blood 2, powered by pain 2, demonic
willpower
a: Renounce Religion, Heroism, Finesse, Duel


You were on level 2 of the Snake Pit.
You worshipped Okawaru.
Okawaru was extremely pleased with you.
You visited 5 branches of the dungeon, and saw 26 of its levels.
You also visited: Bailey, Gauntlet and Ice Cave.

You collected 5550 gold pieces.
You spent 2542 gold pieces at shops.

Inventory:

Hand Weapons
 j - the +9 dagger of Ancient Evil {vorpal, rPois Int+4}
   (You found it on level 4 of the Dungeon)

   It inflicts extra damage upon your enemies.
   Int:       It affects your intelligence (+4).
   rPois:     It protects you from poison.
 A - a +0 glaive of flaming
Missiles
 d - 2 throwing nets
 U - 12 javelins (quivered)
Armour
 c - a +1 pair of boots of flying
 e - the +8 scale mail "Zofei" {Rampage rF++ rC-}
   (You bought it in a shop on level 2 of the Orcish Mines)

   rF:        It greatly protects you from fire.
   rC:        It makes you vulnerable to cold.
   Rampage:   It bestows one free step when moving towards enemies.
 f - a +2 crystal plate armour of cold resistance
 n - a +0 buckler (worn)
 B - a +1 pair of boots of rampaging (worn)
 G - +2 pearl dragon scales
 K - a +3 plate armour of poison resistance (worn)
 R - a +1 cloak of preservation
 S - a +0 helmet of intelligence
 X - a scarf of resistance (worn)
 Z - the +2 helmet of the Eleven Beds (worn) {Fly rC+ Regen+ Int+2}
   (You found it in an ice cave)

   Int:       It affects your intelligence (+2).
   rC:        It protects you from cold.
   Fly:       It grants you flight.
   Regen:     It increases your rate of health regeneration.
Jewellery
 a - a ring of see invisible
 h - an amulet of faith
 p - an amulet of magic regeneration
 r - a +4 ring of slaying (left claw)
 z - an amulet of guardian spirit
 F - a ring of flight
 I - the amulet "Ublof" (around neck) {Reflect rC+ Int+4 SH+5}
   (You found it on level 11 of the Dungeon)

   [amulet of reflection]

   It reflects blocked missile attacks.
   Int:       It affects your intelligence (+4).
   rC:        It protects you from cold.
   SH:        It affects your SH (+5).
 J - a ring of willpower
 L - a ring of resist corrosion
 M - the amulet of the Four Winds {rN+ Will+++ Clar}
   (You bought it in a shop on level 11 of the Dungeon)

   [amulet of nothing]

   rN:        It protects you from negative energy.
   Clar:      It protects you against confusion.
   Will:      It greatly increases your willpower.
 N - the ring "Odeir" (right claw) {rF+ rCorr Int+4}
   (You bought it in a shop on level 11 of the Dungeon)

   [ring of protection from fire]

   Int:       It affects your intelligence (+4).
   rF:        It protects you from fire.
   rCorr:     It protects you from acid and corrosion.
 Y - a ring of protection from fire
Wands
 i - a wand of polymorph (14)
 w - a wand of acid (10)
 x - a wand of flame (41)
 y - a wand of iceblast (53)
 D - a wand of paralysis (19)
Scrolls
 b - a scroll of fog
 v - 3 scrolls of fear
 C - 4 scrolls of magic mapping
 O - 12 scrolls of identify
 Q - a scroll of enchant weapon
 T - 3 scrolls of teleportation
 W - 2 scrolls of amnesia
Potions
 g - 5 potions of attraction
 k - 6 potions of brilliance
 l - 4 potions of might
 m - a potion of resistance
 o - 3 potions of haste
 q - 4 potions of magic
 s - 4 potions of invisibility
 t - 2 potions of ambrosia
 u - 3 potions of flight
 E - 4 potions of cancellation
 H - 2 potions of lignification
 V - a potion of berserk rage


   Skills:
 * Level 11.7 Fighting
 - Level 3.3 Maces & Flails
 - Level 1.7 Throwing
 * Level 11.5 Armour
 - Level 3.1 Dodging
 - Level 4.0 Shields
 + Level 21.3 Unarmed Combat
 - Level 14.5 Invocations
 - Level 0.1 Evocations


You had 16 spell levels left.
You didn't know any spells.
Your spell library contained the following spells:

 Spells                   Type           Power      Damage    Failure   Level
 Foxfire                  Conj/Fire      0%         2x1d4     96%         1
 Sandblast                Erth           0%         2d4       96%         1
 Static Discharge         Conj/Air       0%         N/A       99%         2
 Conjure Flame            Conj/Fire      0%         6-21      100%        3
 Inner Flame              Hex/Fire       0%         N/A       100%        3
 Ozocubu's Armour         Ice            0%         N/A       100%        3
 Portal Projectile        Hex/Tloc       0%         N/A       100%        3
 Dispel Undead            Necr           0%         3d6       100%        4
 Flame Wave               Conj/Fire      0%         3d3       100%        4
 Fulminant Prism          Conj/Hex       0%         3d6       100%        4
 Iskenderun's Mystic Bla  Conj/Tloc      0%         2d3       100%        4
 Leda's Liquefaction      Hex/Erth       0%         N/A       100%        4
 Petrify                  Tmut/Erth      0%         N/A       100%        4
 Sticky Flame             Conj/Fire      0%         2d3       100%        4
 Alistair's Intoxication  Tmut/Pois      0%         N/A       100%        5
 Borgnjor's Vile Clutch   Necr/Erth      0%         N/A       100%        5
 Freezing Cloud           Conj/Ice/Air   0%         6-21      100%        5
 Lee's Rapid Deconstruct  Erth           0%         3d5*      100%        5
 Metabolic Englaciation   Hex/Ice        0%         N/A       100%        5
 Eringya's Noxious Bog    Tmut/Pois      0%         N/A       100%        6
 Statue Form              Tmut/Erth      0%         N/A       100%        6
 Ozocubu's Refrigeration  Ice            0%         4d5       100%        7
 Polar Vortex             Ice            0%         N/A       100%        9
 Summon Small Mammal      Summ           Unusable   N/A       N/A         1
 Call Canine Familiar     Summ           Unusable   N/A       N/A         3
 Summon Guardian Golem    Hex/Summ       Unusable   N/A       N/A         3
 Simulacrum               Ice/Necr       Unusable   N/A       N/A         6

Dungeon Overview and Level Annotations

Branches:
Dungeon (15/15)            Temple (1/1) D:5            Lair (6/6) D:11
 Shoals (0/4) Lair:4        Snake (2/4) Lair:4        Slime (0/5) Lair:6
    Orc (2/2) D:11            Elf (0/3) Orc:2        Vaults (0/5) D:13
 Depths (0/4) D:15         Bailey (visited)           IceCv (visited)
Gauntlet (visited)

Altars:
Ashenzari
Cheibriados
Dithmenos
Elyvilon
Fedhas
Gozag
Hepliaklqana
Kikubaaqudgha
Makhleb
Nemelex Xobeh
Okawaru
Qazlal
Ru
Sif Muna
Trog
Uskayaw
Vehumet
Wu Jian
Xom
Yredelemnul
Zin
The Shining One
Jiyva

Shops:
D:6 (   D:10 *   D:11 =   Orc:2 ([=?   Snake:2 ([

Annotations:
D:5 3 runed translucent doors, AlleluiaPinecone's ghost, amateur HuBe
Lair:1 1 runed translucent door, pdpol's ghost, journeyman HOAK
Lair:2 1 runed translucent door, Prince Ribbit; freelancePsychic's ghost, journeyman GnWn


Innate Abilities, Weirdness & Mutations

You have very sharp fingernails.
You are mostly covered in molten scales. (AC +3)
Your demonic aura often causes spilled blood to erupt in flames.
You sometimes gain power by taking damage.
You punish those that try to bend your will. (Will+)


Message History

You block the salamander's attack. The naga warrior spits poison at you.
The splash of poison hits you but does no damage.
You resist.
You barely miss the guardian serpent.
The guardian serpent is almost dead.
The guardian serpent is engulfed in blazing flames.
You kill the guardian serpent!
Okawaru accepts your kill.
The salamander hits you from afar with a +0 trident.
You are engulfed in flames.
You resist.
You scratch the naga warrior.
The naga warrior is lightly wounded.
You block the naga warrior's attack. The naga warrior grabs you.
The naga warrior constricts you.
You claw the naga warrior!
The naga warrior is moderately wounded.
The salamander hits you from afar with a +0 trident!!
You are engulfed in flames.
You resist.
Unknown command.
You escape the naga warrior's grasp.
You block the naga warrior's attack. The naga warrior grabs you.
The naga warrior constricts you.
The salamander hits you with a +0 trident!
You are engulfed in flames.
You resist.
* * * LOW HITPOINT WARNING * * *
You see here a +2 halberd of venom.
You claw the salamander!
The salamander is lightly wounded.
The naga hits you with a +0 long sword!!
* * * LOW HITPOINT WARNING * * *
You block the naga warrior's attack. The naga warrior constricts you.
Unknown command.
You feel much better.
The salamander hits you with a +0 trident.
* * * LOW HITPOINT WARNING * * *
You are engulfed in flames.
You resist.
* * * LOW HITPOINT WARNING * * *
The naga is engulfed in blazing flames.
You block the naga's attack.
The naga warrior hits you with a +0 flail!!
You die...

######### *** #.......#
*######*,, #.......# *...#..,,,
##########..○.N..####,#.#.#,,,
#...........°@N☼.....,#.8.#,,,
#.....###...N○...######...###,
#####.)###..○....# ##.......##
#### ##.# #.......###.........#
...######.# #.......##.........).
#......##.# ####.####...##...##..
#.........######..##...#*#.8.###.
.....)###.....###.##..#*##...####
#.....>.#..##.###*#...# #.....# #


You could see a naga warrior, a salamander (strong) and a naga (strong).

Vanquished Creatures
  Jorgrun (D:14)
  2 Ice Fiends
  2 acid blobs (Lair:6)
  Frances (D:14)
  Gastronok (D:9)
  A nagaraja (Snake:1)
  Louise (D:14)
  A quicksilver ooze (Gauntlet)
  A minotaur (Gauntlet)
  A dire elephant (D:15)
  Snorg (D:14)
  Fannar (D:11)
  2 catoblepae
  An ice dragon (Arena)
  Harold (D:7)
  15 hydras
  3 boulder beetles
  A naga warrior (Snake:2)
  5 anacondas
  An ogre mage (D:15)
  2 centaur warriors
  10 death yaks
  9 two-headed ogres
  A merfolk avatar (Lair:6)
  4 tengu warriors
  4 naga sharpshooters
  Urug (Lair:2)
  5 orc high priests (Orc:2)
  A shock serpent (Snake:1)
  Sonja (D:11)
  2 salamander mystics (Snake:2)
  An orange crystal statue (IceCv)
  A bog body (IceCv)
  Pikel (D:5)
  An obsidian statue (IceCv)
  6 mana vipers
  4 naga ritualists
  A phantasmal warrior (D:13)
  A deep elf pyromancer (D:14)
  An orc sorcerer (Orc:2)
  An orb spider (shapeshifter) (D:13)
  6 cyclopes
  2 harpies (Lair:6)
  7 ugly things
  9 orc knights (Orc:2)
  8 manticores
  An oklob plant (Lair:5)
  8 salamanders
  A torpor snail (Lair:3)
  A guardian serpent (Snake:2)
  30 elephants
  Maurice (D:9)
  29 black mambas
  10 naga magi
  11 cane toads
  3 gargoyles (D:12)
  2 unseen horrors
  A kobold demonologist (D:9)
  7 freezing wraiths (IceCv)
  11 komodo dragons
  An anaconda simulacrum (IceCv)
  An ice devil (IceCv)
  2 rime drakes
  4 tengu conjurers
  6 entropy weaver simulacra
  2 polar bears
  3 meliai (D:15)
  9 trolls
  2 wind drakes (Lair:6)
  5 hornets
  16 blink frogs
  12 slime creatures
  A snapping turtle (Lair:6)
  5 flying skulls (Gauntlet)
  2 dire elephant simulacra (IceCv)
  5 wraiths
  A yak (shapeshifter) (D:15)
  A vampire (D:9)
  5 wyverns
  Grum (D:11)
  4 spriggan simulacra
  7 basilisks
  50 yaks
  3 steam dragons
  Menkaure (D:7)
  11 vampire mosquitoes
  4 minotaur simulacra
  23 nagas
  A warg (Orc:2)
  An acid dragon (D:9)
  3 harpy simulacra
  Duvessa (D:5)
  15 water moccasins
  34 orc warriors
  2 ice beasts
  3 alligator simulacra
  6 black bears
  A hornet zombie (D:6)
  2 sky beasts (D:6)
  7 ogres
  10 centaurs
  25 wolves
  13 bullfrogs
  2 gnoll sergeants
  A water moccasin zombie (D:5)
  2 deep troll simulacra (Snake:2)
  3 scorpions
  Dowan (D:5)
  A wyvern skeleton (D:6)
  A hornet simulacrum (D:13)
  A lindwurm simulacrum (IceCv)
  4 wights (D:9)
  7 howler monkeys
  5 centaur zombies
  A bullfrog zombie (D:6)
  4 hounds
  24 orc priests
  2 jellies
  3 iguanas
  13 orc wizards
  10 hell rats
  3 killer bee zombies
  A hound skeleton (D:4)
  A howler monkey zombie (D:5)
  12 gnolls
  3 adders
  A shadow imp (D:6)
  2 white imps
  2 ufetubi
  5 worms (D:2)
  5 dart slugs
  63 orcs
  A bat zombie (D:11)
  2 endoplasms (D:2)
  2 giant cockroaches
  14 goblins
  5 hobgoblins
  5 jackals
  5 kobolds
  2 quokkas
  10 ball pythons
  5 bats (D:1)
  4 frilled lizards (D:2)
  3 rats
801 creatures vanquished.

Vanquished Creatures (others)
  An orc wizard (D:4)
  45 fungi
  64 plants
  A withered plant (Gauntlet)
111 creatures vanquished.

Grand Total: 912 creatures vanquished

Notes
Turn   | Place    | Note
-------+----------+-------------------------------------------
     0 | D:1      | ytrimaz the Demonspawn Gladiator began the quest for the
                  | Orb.
     0 | D:1      | Reached XP level 1. HP: 16/16 MP: 1/1
   221 | D:1      | Gained mutation: You are partially covered in molten
                  | scales. (AC +2) [demonic ancestry]
   221 | D:1      | Reached XP level 2. HP: 21/22 MP: 2/2
   676 | D:1      | Gained mutation: Your demonic aura sometimes causes spilled
                  | blood to erupt in flames. [demonic ancestry]
   676 | D:1      | Reached XP level 3. HP: 24/27 MP: 3/3
   811 | D:1      | Reached skill level 1 in Armour
  1158 | D:2      | Gained mutation: You have sharp fingernails. [demonic
                  | ancestry]
  1158 | D:2      | Reached XP level 4. HP: 21/34 MP: 4/4
  1314 | D:2      | HP: 1/34 [worm (9)]
  2175 | D:3      | Found a faded altar of an unknown god.
  2186 | D:3      | Reached skill level 1 in Unarmed Combat
  2208 | D:3      | Reached XP level 5. HP: 32/40 MP: 5/5
  2229 | D:3      | Reached skill level 2 in Unarmed Combat
  3323 | D:4      | Reached skill level 1 in Shields
  3331 | D:4      | Reached skill level 3 in Unarmed Combat
  3331 | D:4      | Gained mutation: You have very sharp fingernails. [demonic
                  | ancestry]
  3331 | D:4      | Reached XP level 6. HP: 30/47 MP: 6/6
  3443 | D:4      | Noticed a water moccasin
  3463 | D:4      | Killed a water moccasin
  3568 | D:4      | Reached skill level 4 in Unarmed Combat
  3675 | D:4      | Identified the +4 falchion of Keecedas {vorpal, Int+2}
  3902 | D:4      | Gained mutation: You are mostly covered in molten scales.
                  | (AC +3) [demonic ancestry]
  3902 | D:4      | Reached XP level 7. HP: 52/52 MP: 7/7
  4165 | D:4      | Identified the +9 dagger of Ancient Evil {vorpal, rPois
                  | Int+4}
  4325 | D:5      | Entered Level 5 of the Dungeon
  4543 | D:5      | Found a runed translucent gate.
  4543 | D:5      | Noticed AlleluiaPinecone's ghost (amateur HuBe)
  4544 | D:5      | Found a runed translucent gate.
  4544 | D:5      | Found a runed translucent gate.
  4589 | D:5      | Found a staircase to the Ecumenical Temple.
  4614 | Temple   | Entered the Ecumenical Temple
  4877 | Temple   | Became a worshipper of Warmaster Okawaru
  4919 | D:5      | Noticed Duvessa
  4920 | D:5      | Noticed Dowan
  4923 | D:5      | Killed Duvessa
  4923 | D:5      | Killed Dowan
  4924 | D:5      | Reached skill level 5 in Unarmed Combat
  4924 | D:5      | Reached skill level 1 in Invocations
  5234 | D:5      | Noticed Pikel
  5244 | D:5      | Killed Pikel
  5244 | D:5      | Reached * piety under Okawaru
  5245 | D:5      | Reached skill level 6 in Unarmed Combat
  5245 | D:5      | Reached XP level 8. HP: 42/60 MP: 7/9
  5755 | D:6      | Reached skill level 7 in Unarmed Combat
  5812 | D:6      | Reached ** piety under Okawaru
  6118 | D:6      | Reached XP level 9. HP: 66/66 MP: 11/11
  6152 | D:6      | Found Poodwis's Antique Weapon Shop.
  6389 | D:6      | Reached skill level 8 in Unarmed Combat
  6957 | D:7      | Identified the +6 quarterstaff of Stickiness {holy, rC+
                  | Int+2 Stlth+}
  6967 | D:7      | Reached *** piety under Okawaru
  7030 | D:7      | Noticed Menkaure
  7039 | D:7      | Killed Menkaure
  7390 | D:7      | Noticed Harold
  7410 | D:7      | Killed Harold
  7410 | D:7      | Reached **** piety under Okawaru
  7411 | D:7      | Reached skill level 5 in Fighting
  7411 | D:7      | Reached skill level 9 in Unarmed Combat
  8078 | D:8      | Reached skill level 5 in Invocations
  8124 | D:8      | Noticed a four-headed hydra
  8159 | D:9      | Paralysed by a hornet for 3 turns
  8169 | D:9      | Reached XP level 10. HP: 40/74 MP: 6/13
  8435 | D:9      | Found a flagged portal.
  8449 | Bailey   | Entered a bailey
  8707 | Bailey   | Reached skill level 10 in Unarmed Combat
  9962 | Bailey   | Reached skill level 5 in Armour
 10356 | Bailey   | Identified the +3 ring mail of the New World {rC+}
 10363 | Bailey   | Acquired 979 gold pieces
 10839 | D:9      | Noticed a two-headed ogre
 10848 | D:9      | Killed a two-headed ogre
 10969 | D:9      | Noticed Gastronok
 10983 | D:9      | Killed Gastronok
 10983 | D:9      | Reached ***** piety under Okawaru
 10984 | D:9      | Reached skill level 11 in Unarmed Combat
 10984 | D:9      | Gained mutation: You sometimes gain a little power by
                  | taking damage. [demonic ancestry]
 10984 | D:9      | Reached XP level 11. HP: 80/83 MP: 8/16
 11259 | D:9      | Noticed Maurice
 11267 | D:9      | Paralysed by Maurice for 3 turns
 11271 | D:9      | Killed Maurice
 11599 | D:10     | Entered Level 10 of the Dungeon
 11656 | D:10     | Got the Incunabulum of Flamy Clay
 12239 | D:10     | Received a gift from Okawaru
 12414 | D:10     | Found Foecic's Mass Market.
 12826 | D:11     | Received a gift from Okawaru
 12887 | D:11     | Found a staircase to the Orcish Mines.
 12929 | D:11     | Reached skill level 12 in Unarmed Combat
 12941 | D:11     | Identified the amulet "Ublof" {Reflect rC+ Int+4 SH+5}
 13023 | D:11     | Noticed Fannar
 13037 | D:11     | Killed Fannar
 13116 | D:11     | Noticed Grum
 13132 | D:11     | Killed Grum
 13198 | D:11     | Found a staircase to the Lair.
 13233 | D:11     | Noticed a five-headed hydra
 13269 | D:11     | Found Ovvat's Jewellery Shop.
 13277 | D:11     | Bought the amulet of the Four Winds {rN+ Will+++ Clar} for
                  | 526 gold pieces
 13277 | D:11     | Found the amulet of the Four Winds {rN+ Will+++ Clar}
 13277 | D:11     | Bought the ring "Odeir" {rF+ rCorr Int+4} for 552 gold
                  | pieces
 13327 | D:11     | Killed a five-headed hydra
 13333 | D:11     | Acquired 1075 gold pieces
 13335 | D:11     | Acquired 1154 gold pieces
 13358 | D:11     | Noticed a two-headed ogre
 13363 | D:11     | Noticed a boulder beetle
 13367 | D:11     | Killed a two-headed ogre
 13374 | D:11     | Reached skill level 13 in Unarmed Combat
 13391 | D:11     | Killed a boulder beetle
 13391 | D:11     | Identified the -4 pair of gloves of the Wilderness {Rampage
                  | rElec rF-} (Okawaru gifted it to you on level 11 of the
                  | Dungeon)
 13391 | D:11     | Received a gift from Okawaru
 13392 | D:11     | Gained mutation: Your demonic aura often causes spilled
                  | blood to erupt in flames. [demonic ancestry]
 13392 | D:11     | Reached XP level 12. HP: 35/91 MP: 18/18
 13662 | D:11     | Noticed Sonja
 13675 | D:11     | Killed Sonja
 14187 | D:11     | Found an ancient bone altar of Kikubaaqudgha.
 14272 | D:12     | Noticed an ice dragon
 14282 | Arena    | Entered the Arena
 14288 | Arena    | Killed an ice dragon
 14921 | D:12     | Noticed a six-headed hydra
 14934 | D:12     | Reached skill level 14 in Unarmed Combat
 14946 | D:12     | Killed a six-headed hydra
 14947 | D:12     | Reached skill level 10 in Invocations
 15148 | D:12     | Noticed a four-headed hydra
 15154 | D:12     | Killed a four-headed hydra
 15571 | D:13     | Found a gate leading to a gauntlet.
 15578 | Gauntlet | Entered a Gauntlet
 15578 | Gauntlet | Found a runed translucent door.
 15578 | Gauntlet | Found a transporter.
 15578 | Gauntlet | Found a runed translucent door.
 15585 | Gauntlet | Found a transporter.
 15587 | Gauntlet | Found a transporter.
 15599 | Gauntlet | Found a transporter.
 15600 | Gauntlet | Found a transporter.
 15605 | Gauntlet | Found a runed translucent gate.
 15605 | Gauntlet | Found a runed translucent gate.
 15605 | Gauntlet | Found a runed translucent gate.
 15608 | Gauntlet | Found a transporter.
 15624 | Gauntlet | Found a transporter.
 15634 | Gauntlet | Found a transporter.
 15644 | Gauntlet | Found a transporter.
 15647 | Gauntlet | Noticed a quicksilver ooze
 15661 | Gauntlet | Found a transporter.
 15671 | Gauntlet | Found a transporter.
 15671 | Gauntlet | Found a transporter.
 15725 | Gauntlet | Found a transporter.
 15725 | Gauntlet | Found a transporter.
 16061 | Gauntlet | Killed a quicksilver ooze
 16141 | Gauntlet | Noticed a minotaur
 16154 | Gauntlet | Killed a minotaur
 16293 | D:13     | Noticed a two-headed ogre
 16300 | D:13     | Killed a two-headed ogre
 16300 | D:13     | Received a gift from Okawaru
 16301 | D:13     | Gained mutation: You sometimes gain power by taking damage.
                  | [demonic ancestry]
 16301 | D:13     | Reached XP level 13. HP: 99/99 MP: 12/20
 16500 | D:13     | Reached skill level 15 in Unarmed Combat
 16513 | D:13     | Found a gate to the Vaults.
 17474 | D:14     | Found a sacrificial altar of Ru.
 18138 | D:14     | Noticed Jorgrun
 18155 | D:14     | Killed Jorgrun
 18500 | D:14     | Noticed Snorg
 18510 | D:14     | Killed Snorg
 18511 | D:14     | Reached skill level 16 in Unarmed Combat
 18622 | D:14     | Noticed Frances
 18632 | D:14     | Killed Frances
 19020 | D:14     | Noticed Louise
 19032 | D:14     | Killed Louise
 19440 | D:15     | Entered Level 15 of the Dungeon
 19527 | D:15     | Gained mutation: You punish those that try to bend your
                  | will. (Will+) [demonic ancestry]
 19527 | D:15     | Reached XP level 14. HP: 91/108 MP: 23/23
 19816 | D:15     | Received a gift from Okawaru
 20527 | D:14     | Identified the +5 quarterstaff of Dukhlylom {freeze, rF+}
 21104 | D:15     | Identified the +5 rapier of the Doomed Warrior {freeze,
                  | rN+}
 21232 | D:15     | Reached skill level 17 in Unarmed Combat
 21252 | D:15     | Found a staircase to the Depths.
 22053 | Orc:1    | Entered Level 1 of the Orcish Mines
 22111 | Orc:2    | Entered Level 2 of the Orcish Mines
 23980 | Orc:2    | Found a staircase to the Elven Halls.
 24581 | Orc:2    | Found Kiafuw's Armour Shop.
 24581 | Orc:2    | Found Emasaon's Antique Weapon Shop.
 24582 | Orc:2    | Found Ruadoin's Magic Scroll Shop.
 24582 | Orc:2    | Found Zyolen's Jewellery Boutique.
 24589 | Orc:2    | Bought the +8 scale mail "Zofei" {Rampage rF++ rC-} for 922
                  | gold pieces
 24796 | Lair:1   | Entered Level 1 of the Lair of Beasts
 24800 | Lair:1   | Reached skill level 18 in Unarmed Combat
 24939 | Lair:1   | Found a runed translucent door.
 24939 | Lair:1   | Found a shimmering altar of Xom.
 24939 | Lair:1   | Noticed pdpol's ghost (journeyman HOAK)
 24941 | Lair:1   | Reached skill level 10 in Fighting
 25545 | Lair:1   | Identified the +9 great mace "Ciom Ninn" {flame, *Corrode
                  | rElec Str+4} (Okawaru gifted it to you on level 1 of the
                  | Lair of Beasts)
 25545 | Lair:1   | Received a gift from Okawaru
 26046 | Lair:2   | Noticed Urug
 26056 | Lair:2   | Killed Urug
 26504 | Lair:2   | Reached XP level 15. HP: 115/115 MP: 25/25
 26634 | Lair:2   | Found a runed translucent door.
 26637 | Lair:2   | Noticed freelancePsychic's ghost (journeyman GnWn)
 26637 | Lair:2   | Identified the +8 spear of Cout {vamp, rC+ rN+ Dex+4}
 26860 | Lair:2   | Received a gift from Okawaru
 26866 | Lair:2   | Noticed Prince Ribbit
 28782 | Lair:4   | Reached skill level 19 in Unarmed Combat
 28792 | Lair:4   | Found a staircase to the Snake Pit.
 29093 | Lair:4   | Found a staircase to the Shoals.
 29224 | Lair:4   | Reached ****** piety under Okawaru
 29406 | Lair:4   | Found a bloodstained altar of Trog.
 30318 | Lair:5   | Received a gift from Okawaru
 30318 | Lair:5   | Found the +8 orange crystal plate armour {Archmagi, Int+3
                  | Clar}
 31062 | Lair:6   | Entered Level 6 of the Lair of Beasts
 31985 | Lair:6   | Reached skill level 20 in Unarmed Combat
 32322 | Lair:6   | Reached XP level 16. HP: 80/124 MP: 23/26
 32939 | Lair:6   | Found a runed translucent door.
 32939 | Lair:6   | Found a viscous altar of Jiyva.
 32939 | Lair:6   | Found a staircase to the Slime Pits.
 32939 | Lair:6   | Noticed an acid blob
 32939 | Lair:6   | Noticed an acid blob
 33516 | Lair:6   | Identified the +3 trident "Killer Bee's Curse" {drain,
                  | rElec MP+9 Str-4}
 33517 | Lair:6   | Identified the +8 long sword of Leicuf {drain, Str+5}
 33863 | Lair:6   | Killed an acid blob
 33863 | Lair:6   | Received a gift from Okawaru
 33868 | Lair:6   | Killed an acid blob
 34336 | Snake:1  | Entered Level 1 of the Snake Pit
 35399 | Snake:1  | Reached skill level 10 in Armour
 35443 | Snake:1  | Identified the +3 ring mail of Vehumet's Benevolence
                  | {Int+3}
 37205 | Snake:2  | Found Onaghuav's Weapon Emporium.
 37209 | Snake:2  | Found Siariat's Antique Armour Emporium.
 37231 | Snake:2  | Bought a pair of runed boots for 262 gold pieces
 37231 | Snake:2  | Bought a glowing scarf for 280 gold pieces
 37321 | Snake:2  | Found a frozen archway.
 37359 | IceCv    | Entered an ice cave
 38128 | IceCv    | Received a gift from Okawaru
 38199 | IceCv    | Reached skill level 21 in Unarmed Combat
 38777 | IceCv    | Identified the +2 helmet of the Eleven Beds {Fly rC+ Regen+
                  | Int+2}
 38891 | IceCv    | Noticed an Ice Fiend
 38893 | Arena    | Entered the Arena
 38900 | Arena    | Killed an Ice Fiend
 38936 | IceCv    | Noticed an Ice Fiend
 38958 | IceCv    | Killed an Ice Fiend
 39518 | Snake:2  | Received a gift from Okawaru
 39535 | Snake:2  | Reached XP level 17. HP: 133/133 MP: 27/27
 39769 | Snake:2  | Slain by a naga warrior

Illustrated notes

Levels and vault maps discovered:
D:1:      minmay_arrival_radiant_lines, layout_rooms
D:2:      layout_rooms, minmay_joined_circles
D:3:      layout_basic, mainiacjoe_overflow_brackets,
          ebering_ecumenical_altar_mist, serial_bayou_pond_a
D:4:      black_bear_nest_2, layout_rooms
D:5:      layout_loops_corners, minmay_temple_entry_wispy,
          gammafunk_ghost_nasty_kobolds, uniq_pikel, uniq_duvessa
D:6:      layout_loops_ring, serial_shops, shop, nicolae_wand_duel,
          grunt_ministairs_6
D:7:      layout_gridville, uniq_harold, uniq_menkaure
D:8:      layout_cave_pools, grunt_ministairs_5, guppyfry_early_elven_hall
D:9:      layout_loops_ring, enter_bailey_3, dk_rats_in_the_wall,
          uniq_gastronok, uniq_maurice
D:10:     layout_irregular_city, minmay_shop_mass,
          minmay_fractal_squares_gapless_5
D:11:     layout_roguey, due_lair_maze_entry_diamond, orc_0_dummy, serial_shops,
          nicolae_shop_statue_plus, nrook_loot_triangle,
          lemuel_zombie_altar_kikubaaqudgha, uniq_grum, uniq_sonja, uniq_fannar
D:12:     hangedman_cross_stitches, layout_basic, kennysheep_generic_room_5
D:13:     layout_irregular_city, david_vaults_4, gauntlet_entry_generic
D:14:     layout_cave_pods, hangedman_ru_absence, uniq_frances, uniq_louise,
          uniq_jorgrun, uniq_snorg
D:15:     hangedman_depths_entry_try_elsewhere_first, layout_loops_ring
Temple:   nicolae_temple_the_god_donut
Lair:1:   layout_cave_pods, ebering_ghost_xom,
          grunt_forest_small_clearing_treed, grunt_megastairs_3
Lair:2:   layout_cave_shapes, ebering_ghost_funeral_grove, uniq_prince_ribbit2,
          uniq_urug
Lair:3:   layout_gridlike
Lair:4:   layout_roguey, elwin_shoals_entry_rocks,
          minmay_snake_entry_guardpost_small, basic_altar
Lair:5:   layout_regular_city, chequers_serial_rivers_small_3,
          grunt_megastairs_4
Lair:6:   gammafunk_lair_ancient_temple, layout_big_grid, slime_altar_2
Snake:1:  layout_grid_maze, guppyfry_library_mini
Snake:2:  layout_rooms, portal_ice_cave_entry_ice_simulacra, basic_altar,
          grunt_megastairs_5, minmay_shop_star
Orc:1:    layout_caves, serial_shops, shop
Orc:2:    st_orc_pillars, layout_caves, special_room

Skill      XL: |  1  2  3  4  5  6  7  8  9 10 11 12 13 14 15 16 |
---------------+-------------------------------------------------+-----
Maces & Flails | 3 |  3.3
Dodging        | 3 |  3.1
Armour         | 1 2 3 4 5 6 7 8 9 11 | 11.5
Unarmed Combat | 1 3 4 6 7 9 11 13 14 16 18 20 21 | 21.3
Fighting       | 3 4 5 6 7 8 9 10 11 | 11.7
Shields        | 1 2 3 4 |  4.0
Invocations    | 2 3 5 6 8 10 12 13 14 | 14.5
Throwing       | |  1.7
Evocations     | |  0.1

Action                   |  1- 3 |  4- 6 |  7- 9 | 10-12 | 13-15 | 16-18 || total
-------------------------+-------+-------+-------+-------+-------+-------++-------
Melee: Flail             |   106 |     2 |       |       |       |       ||   108
       Unarmed           |       |   235 |   211 |   462 |   998 |   461 ||  2367
       Glaive            |       |       |       |    32 |       |       ||    32
       Halberd           |       |       |       |     1 |       |       ||     1
Throw: Throwing net      |       |       |     3 |     2 |     2 |       ||     7
       Javelin           |       |       |       |    11 |     1 |       ||    12
Invok: Heroism           |       |       |     6 |    26 |    28 |    11 ||    71
       Finesse           |       |       |     1 |    12 |    13 |     7 ||    33
       Duel              |       |       |       |     1 |       |     1 ||     2
Evoke: Wand              |       |       |       |     1 |       |       ||     1
  Use: Scroll            |     2 |     3 |     5 |    20 |     5 |     3 ||    38
       Potion            |       |     5 |       |     3 |     7 |     7 ||    22
 Stab: Held in net/web   |       |       |     1 |       |       |       ||     1
       Paralysed         |       |       |       |     2 |       |       ||     2
       Distracted        |       |       |       |       |     1 |       ||     1
       Petrified         |       |       |       |       |     1 |       ||     1
Armor: Leather armour    |    60 |     4 |       |       |       |       ||    64
       Plate armour      |       |   173 |   174 |   123 |       |   218 ||   688
       Pearl dragon scal |       |       |       |   130 |   534 |    38 ||   702
Dodge: Dodged            |   102 |    37 |    52 |   225 |   516 |   148 ||  1080
Block: Buckler           |       |    25 |    47 |   128 |   224 |   184 ||   608
       Reflection        |       |       |       |       |       |     3 ||     3

Table legend: (Time is in decaauts)
 A = Elapsed time spent in this place.
 B = Non-inter-level travel time spent in this place.
 C = Inter-level travel time spent in this place.
 D = Time resting spent in this place.
 E = Time spent auto-exploring this place.
 F = Levels seen in this place.
 G = Mean time per level.
                   A        B        C        D        E       F      G
               +--------+--------+--------+--------+--------+-----+--------+
         Total |  39070 |  38286 |    784 |  13425 |  18129 |  31 | 1260.3 |
       Dungeon |  18794 |  18334 |    460 |   5141 |  10106 |  15 | 1252.9 |
        Temple |    289 |    267 |     22 |      0 |    227 |   1 |  289.0 |
          Lair |   9371 |   9185 |    186 |   2492 |   5390 |   6 | 1561.8 |
     Snake Pit |   3495 |   3479 |     16 |   1819 |    994 |   2 | 1747.5 |
  Orcish Mines |   2573 |   2474 |     99 |   1330 |    641 |   2 | 1286.5 |
        Bailey |   2199 |   2199 |      0 |   1248 |    346 |   1 | 2199.0 |
      Ice Cave |   1708 |   1708 |      0 |   1189 |    210 |   1 | 1708.0 |
      Gauntlet |    565 |    565 |      0 |    154 |    214 |   1 |  565.0 |
         Arena |     74 |     74 |      0 |     52 |      0 |   2 |   37.0 |
               +--------+--------+--------+--------+--------+-----+--------+

Top non-repeatable levels by time:
  Lair:6: 3188 daAuts
   Orc:2: 2511 daAuts
 Snake:1: 2430 daAuts
    D:14: 2429 daAuts
  Bailey: 2199 daAuts
    D:15: 2149 daAuts
  Lair:2: 1903 daAuts
   IceCv: 1708 daAuts
    D:11: 1475 daAuts
    D:13: 1280 daAuts
     D:2: 1249 daAuts
     D:9: 1243 daAuts
  Lair:4: 1231 daAuts
    D:10: 1195 daAuts
    D:12: 1149 daAuts
